 Dungeon Crawl Stone Soup version 0.29-a0-284-gf9362112df (webtiles) character file.

Game seed: 11656782814971186774

21 namelastname112 the Sneak (level 2, -2/25 HPs)
             Began as a Draconian Brigand on Mar 14, 2022.
             Slain by a gnoll
             ... wielding a +0 club
              (8 damage)
             ... on level 1 of the Dungeon.
             The game lasted 00:00:32 (869 turns).

namelastname112 the Sneak (Draconian Brigand)        Turns: 869, Time: 00:00:33

Health: -2/25      AC:  5    Str: 13    XL:     2   Next: 62%
Magic:  2/2        EV: 11    Int: 11    God:
Gold:   44         SH:  0    Dex: 12    Spells: 1/1 levels left

rFire   . . .      SeeInvis .   a - +2 dagger
rCold   . . .      Faith    .   (no shield)
rNeg    . . .      Spirit   .   (body armour unavailable)
rPois   .          Reflect  .   (helmet restricted)
rElec   .          Harm     .   b - +0 cloak
rCorr   .          Rampage  .   (no gloves)
Will    .....                   (no boots)
Stlth   ++........              (no amulet)
HPRegen 0.08/turn               (no ring)
MPRegen 0.08/turn               (no ring)

@: no status effects
A: AC +4, unfitting armour, cold-blooded
a: no special abilities


You were on level 1 of the Dungeon.
You visited 1 branch of the dungeon, and saw 1 of its levels.

You collected 44 gold pieces.

Inventory:

Hand Weapons
 a - a +2 dagger (weapon)
Missiles
 c - 9 poisoned darts (quivered)
 d - 3 curare-tipped darts
Armour
 b - a +0 cloak (worn)
Scrolls
 e - a scroll of fog {unknown}
 g - a scroll of torment {unknown}
Potions
 f - a potion of brilliance {unknown}
 h - a potion of invisibility {unknown}


   Skills:
 + Level 2.5 Fighting
 + Level 2.2 Short Blades
 + Level 2.0 Throwing
 + Level 1.2 Dodging
 + Level 3.8 Stealth


You had one spell level left.
You didn't know any spells.
Your spell library was empty.

Dungeon Overview and Level Annotations

Branches:
Dungeon (1/15)

Altars:


Innate Abilities, Weirdness & Mutations

Your plain brown scales are hard. (AC +4)
You cannot fit into any form of body armour.
You are cold-blooded and may be slowed by cold attacks.


Message History

The gnoll closely misses you!
You closely miss the gnoll! The gnoll hits you with a +0 club!
You take 1 damage, and have 24/25 hp!
You perforate the gnoll but do no damage!
The gnoll hits you with a +0 club!
You take 3 damage, and have 21/25 hp!
You perforate the gnoll but do no damage!
Your tail-slap misses the gnoll!
The gnoll hits you but does no damage!
You spit the gnoll like a pig!
The gnoll is moderately wounded!
The gnoll closely misses you!
You skewer the gnoll but do no damage!
The gnoll is moderately wounded!
The gnoll barely misses you!
A gnoll is nearby!!!
You skewer the gnoll like a kebab!
The gnoll is heavily wounded!
The gnoll hits you with a +0 club!
You take 4 damage, and have 17/25 hp!
You perforate the gnoll but do no damage!
The gnoll is heavily wounded!
The gnoll hits you with a +0 club!
You take 6 damage, and have 11/25 hp!
MASSIVE DAMAGE!!!!!!
You are too injured to fight recklessly!!!
You are too injured to fight recklessly!!!
You barely miss the gnoll!
The gnoll is heavily wounded!
The gnoll hits you with a +0 club!
You take 3 damage, and have 8/25 hp!
You barely miss the gnoll!
The gnoll is heavily wounded!
You stick the gnoll but do no damage!
The gnoll is heavily wounded!
The gnoll hits you with a +0 club! * * * don't die
* * * You take 2 damage, and have 6/25 hp!
You barely miss the gnoll!
The gnoll is heavily wounded!
The gnoll hits you with a +0 club!!! rip

.# ##.##
##...##
##.....##
.......#
.$....####
####........+
#.g@.......##
#.##........#
#. #........#
#. ##.......#
#.####.....##
#+#
#.........##
#.#
########.##
#.# #.#
###.## #.#
#.....


You could see a gnoll.

Vanquished Creatures
  2 dart slugs (D:1)
  An endoplasm (D:1)
  A giant cockroach (D:1)
  2 hobgoblins (D:1)
  2 jackals (D:1)
  2 ball pythons (D:1)
  A bat (D:1)
  A frilled lizard (D:1)
  3 kobolds (D:1)
  2 rats (D:1)
17 creatures vanquished.

Notes
Turn   | Place    | Note
-------+----------+-------------------------------------------
     0 | D:1      | namelastname112 the Draconian Brigand began the quest for
                  | the Orb.
     0 | D:1      | Reached XP level 1. HP: 17/17 MP: 1/1
   137 | D:1      | Reached skill level 1 in Dodging
   367 | D:1      | Reached XP level 2. HP: 23/25 MP: 2/2
   869 | D:1      | Slain by a gnoll

Illustrated notes

Levels and vault maps discovered:
D:1:      giann_wishing_wells, layout_loops_corners, roderic_roman_lattice

Skill      XL: |  1  2 |
---------------+-------+-----
Dodging        | 1 |  1.2
Throwing       | 2 |  2.0
Fighting       | |  2.5
Short Blades   | |  2.2
Stealth        | |  3.8

Action                   || total
-------------------------++-------
Melee: Dagger            ||    62
       Tailslap          ||     8
 Stab: Sleeping          ||     3
Armor: Skin              ||    20
Dodge: Dodged            ||    24

Table legend: (Time is in decaauts)
 A = Elapsed time spent in this place.
 B = Non-inter-level travel time spent in this place.
 C = Inter-level travel time spent in this place.
 D = Time resting spent in this place.
 E = Time spent auto-exploring this place.
 F = Levels seen in this place.
 G = Mean time per level.
                   A        B        C        D        E       F      G
               +--------+--------+--------+--------+--------+-----+--------+
         Total |    862 |    862 |      0 |      0 |    743 |   1 |  862.0 |
       Dungeon |    862 |    862 |      0 |      0 |    743 |   1 |  862.0 |
               +--------+--------+--------+--------+--------+-----+--------+

Top non-repeatable levels by time:
     D:1: 862 daAuts
